 Dungeon Crawl Stone Soup version 0.19.0-24-gb05acd6 (webtiles) character file.

644 Snooz the Spear-Bearer (level 7, -1/50 HPs)
             Began as a Merfolk Skald on Nov 21, 2016.
             Was an Initiate of Okawaru.
             Slain by an orc
             ... wielding a +0 dagger
              (2 damage)
             ... on level 4 of the Dungeon.
             The game lasted 00:21:53 (4009 turns).

Snooz the Spear-Bearer (Merfolk Skald)              Turns: 4009, Time: 00:21:54

Health: -1/50      AC:  2    Str: 17    XL:     7   Next: 52%
Magic:  9/10       EV: 12    Int: 14    God:    Okawaru [......]
Gold:   202        SH:  0    Dex: 13    Spells: 1 memorised, 9 levels left

rFire  . . .     SeeInvis .     a - +1 spear
rCold  . . .     Gourm    .     k - +0 robe
rNeg   . . .     Faith    .     (no shield)
rPois  .         Spirit   .     (no helmet)
rElec  .         Reflect  .     (no cloak)
rCorr  .         Harm     .     (no gloves)
MR     .....                    (no boots)
Stlth  +.........               (no amulet)
                                (no ring)
                                (no ring)

@: mighty, very slightly contaminated, hasted, very quick
A: change form in water, swift swim, stealthy swim
a: Renounce Religion


You were on level 4 of the Dungeon.
You worshipped Okawaru.
Okawaru was noncommittal.
You were not hungry.

You visited 2 branches of the dungeon, and saw 6 of its levels.

You collected 202 gold pieces.

Inventory:

Hand Weapons
 a - a +1 spear (weapon)
Armour
 k - a +0 robe (worn)
Magical Staves
 w - an uncursed staff of earth {unknown}
Wands
 o - a wand of digging (11/24)
Scrolls
 f - 3 scrolls of teleportation {unknown}
 g - 3 scrolls of enchant weapon
 h - 6 scrolls of remove curse
 j - a scroll of fear {unknown}
 l - a scroll of random uselessness {unknown}
 n - 3 scrolls of identify {unknown}
 p - a scroll of immolation {unknown}
 s - a scroll of amnesia {unknown}
 t - a scroll of fog {unknown}
 u - a scroll of enchant armour {unknown}
Potions
 q - a potion of brilliance
 x - a potion of mutation {unknown}
 A - a potion of lignification
Books
 c - a book of Battle

   Spells                             Type                      Level
   a - Infusion                       Charms                       1
   b - Shroud of Golubria             Charms/Translocation         2
   c - Song of Slaying                Charms                       2
   d - Spectral Weapon                Hexes/Charms                 3
   e - Regeneration                   Charms/Necromancy            3
 v - a book of Changes

   Spells                             Type                      Level
   a - Beastly Appendage              Transmutation                1
   b - Sticks to Snakes               Transmutation                2
   c - Spider Form                    Transmutation/Poison         3
   d - Ice Form                       Ice/Transmutation            4
   e - Blade Hands                    Transmutation                5
Comestibles
 b - 3 fruits
 d - a bread ration
 m - a slice of pizza
 r - a beef jerky
 z - 3 chunks of flesh


   Skills:
 - Level 2.1 Fighting
 + Level 11.4 Polearms
 - Level 0.6 Armour
 - Level 1.3 Dodging
 - Level 2.0 Spellcasting
 - Level 3.2 Charms


You had 9 spell levels left.
You knew the following spells:

 Your Spells              Type           Power        Failure   Level  Hunger
a - Infusion              Chrm           ##..         10%         1    ##.....


Dungeon Overview and Level Annotations

Branches:
Dungeon (5/15)             Temple (1/1) D:4

Altars:
Ashenzari
Cheibriados
Dithmenos
Elyvilon
Fedhas
Gozag
Hepliaklqana
Kikubaaqudgha
Makhleb
Nemelex Xobeh
Okawaru
Qazlal
Ru
Sif Muna
Trog
Uskayaw
Vehumet
Xom
Yredelemnul
Zin
The Shining One

Shops:
D:4 :


Message History

You closely miss the orc warrior.
The orc warrior is severely wounded.
The orc hits you with an enchanted short sword!
* * * LOW HITPOINT WARNING * * *
An orc comes into view. It is wielding a whip of pain.
The orc shouts!
You hit the orc warrior.
The orc warrior is almost dead.
The orc closely misses you.
You hit the orc warrior but do no damage.
The orc warrior is almost dead.
The orc warrior hits you with a mace of protection!
* * * LOW HITPOINT WARNING * * *
You completely miss the orc warrior.
The orc warrior is almost dead.
The orc closely misses you.
You hit the orc warrior.
The orc warrior is almost dead.
The orc hits you with a dagger.
You die...

##......# ##........
#......... #....)....
#......... #######
#......... ##.....##
#.........
##....)..####........
#...@o....###........
#..o.o....##[....รท...
#.........##.........
#......o..##.........
#.........##.........
#.........o..........
#)........###........
#.........# ##......#
#..........##...#####


You could see an orc warrior and 4 orcs.

Vanquished Creatures
  A scorpion (D:4)
  4 killer bees (D:5)
  3 crimson imps (D:5)
  2 hounds (D:4)
  An orc wizard (D:5)
  An iguana (D:4)
  Natasha (twice) (D:3)
  2 gnolls (D:4)
  5 adders
  2 oozes
  3 worms
  4 dart slugs
  5 orcs
  A ball python (D:1)
  3 giant cockroaches
  3 goblins
  3 hobgoblins
  4 jackals (D:1)
  5 kobolds
  2 quokkas
  7 bats
  2 frilled lizards
  A jackal zombie (D:5)
  7 rats
73 creatures vanquished.

Notes
Turn   | Place    | Note
-------+----------+-------------------------------------------
     0 | D:1      | Snooz the Merfolk Skald began the quest for the Orb.
     0 | D:1      | Reached XP level 1. HP: 16/16 MP: 3/3
   146 | D:1      | Reached skill level 4 in Polearms
   146 | D:1      | Reached XP level 2. HP: 18/22 MP: 5/5
   405 | D:1      | Reached skill level 5 in Polearms
   405 | D:1      | Reached XP level 3. HP: 25/27 MP: 1/6
   843 | D:2      | Found a shadowy altar of Dithmenos.
  1361 | D:2      | Reached skill level 6 in Polearms
  1361 | D:2      | Reached XP level 4. HP: 30/33 MP: 1/7
  1414 | D:2      | Found an opulent altar of Gozag.
  1816 | D:3      | Noticed Natasha
  1882 | D:3      | Killed Natasha
  1882 | D:3      | Reached skill level 7 in Polearms
  2105 | D:3      | Reached XP level 5. HP: 38/38 MP: 8/8
  2374 | D:3      | Found a hide-covered altar of Uskayaw.
  2375 | D:3      | Found a bloodstained altar of Trog.
  2376 | D:3      | Found a deep blue altar of Sif Muna.
  2376 | D:3      | Found a white marble altar of Elyvilon.
  2489 | D:3      | Noticed Natasha
  2498 | D:3      | Killed Natasha
  2498 | D:3      | Reached skill level 8 in Polearms
  2620 | D:4      | Found Kohack's Book Shop.
  2766 | D:4      | You fall through a shaft!
  2766 | D:5      | Entered Level 5 of the Dungeon
  2796 | D:5      | Reached skill level 9 in Polearms
  2796 | D:5      | Reached XP level 6. HP: 36/44 MP: 4/9
  3126 | D:5      | Reached skill level 10 in Polearms
  3146 | D:5      | HP: 3/66 [killer bee (3)]
  3158 | D:5      | Reached XP level 7. HP: 19/50 MP: 4/10
  3432 | D:4      | Found a staircase to the Ecumenical Temple.
  3437 | Temple   | Entered the Ecumenical Temple
  3571 | Temple   | Became a worshipper of Warmaster Okawaru
  3624 | D:4      | Reached skill level 11 in Polearms
  4007 | D:4      | HP: 1/50 [orc warrior/mace of protection (9)]
  4009 | D:4      | Slain by an orc

Skill      XL: |  1  2  3  4  5  6  7 |
---------------+----------------------+-----
Polearms       | 4 5 6 7 9 10 11 | 11.4
Fighting       | |  2.1
Armour         | |  0.6
Dodging        | |  1.3
Spellcasting   | |  2.0
Charms         | |  3.2

Action                   |  1- 3 |  4- 6 |  7- 9 || total
-------------------------+-------+-------+-------++-------
Melee: Spear             |   116 |   120 |    69 ||   305
 Cast: Infusion          |     7 |    14 |     2 ||    23
  Use: Scroll            |       |     2 |       ||     2
       Potion            |       |     6 |     2 ||     8
 Stab: Sleeping          |     2 |     1 |       ||     3
  Eat: Chunk             |     1 |     6 |       ||     7
       Bread ration      |       |       |     1 ||     1
Armor: Leather armour    |    11 |       |       ||    11
       Robe              |     1 |     8 |     2 ||    11
       Skin              |       |    14 |     5 ||    19
Dodge: Dodged            |    31 |    39 |    21 ||    91
